 Dungeon Crawl Stone Soup version 0.23-a0-49-gd9f7a49 (webtiles) character file.

9762 GroovyGamera the Grappler (level 11, 0/113 HPs)
             Began as a Troll Monk on Aug 6, 2018.
             Was a High Priest of Okawaru.
             Succumbed to a green very ugly thing's poison
             ... on level 10 of the Dungeon.
             The game lasted 00:22:01 (8067 turns).

GroovyGamera the Grappler (Troll Monk)              Turns: 8067, Time: 00:22:02

Health: 0/113      AC: 10    Str: 21    XL:     11   Next: 27%
Magic:  11/13      EV: 18    Int:  6    God:    Okawaru [*****.]
Gold:   404        SH:  2    Dex: 15    Spells: 10/10 levels left

rFire    + . .     SeeInvis .     - Unarmed
rCold    . . .     Gourm    +   (no shield)
rNeg     . . .     Faith    .   s - +2 robe {rF+}
rPois    .         Spirit   .   (helmet restricted)
rElec    .         Reflect  +   x - +2 cloak
rCorr    .         Harm     .   (gloves unavailable)
MR       .....                  (boots unavailable)
Stlth    +++.......             D - +2 amulet of reflection
HPRegen  0.68/turn              (no ring)
MPRegen  0.13/turn              (no ring)

@: lethally poisoned (0 -> -113), about to teleport, heroism
A: large, unfitting armour, claws 3, fast metabolism 3, gourmand, regeneration
1, shaggy fur 1, tough skin 2
a: Heroism, Finesse, Renounce Religion


You were on level 10 of the Dungeon.
You worshipped Okawaru.
Okawaru was extremely pleased with you.
You were not hungry.

You visited 2 branches of the dungeon, and saw 11 of its levels.
You also visited: Ossuary.

You collected 532 gold pieces.
You spent 128 gold pieces at shops.

Inventory:

Missiles
 r - 4 poisoned tomahawks (quivered)
 v - 103 bolts
 y - 17 tomahawks
 I - 4 silver tomahawks
Armour
 g - the +0 robe of the Catfish {Slay+5, unknown}
   (Okawaru gifted it to you on level 10 of the Dungeon)

   It affects your accuracy and damage with ranged weapons and melee attacks
   (+5).
 q - a scarf of repulsion
 s - a +2 robe of fire resistance (worn)
 x - a +2 cloak (worn)
Jewellery
 k - an uncursed amulet of rage
 B - an uncursed ring of fire
 C - an uncursed amulet of regeneration
 D - a +2 amulet of reflection (around neck)
Wands
 l - a wand of paralysis (4)
 t - a wand of random effects (52)
 H - a wand of polymorph (11)
Scrolls
 a - 3 scrolls of teleportation
 d - a scroll of enchant armour
 e - 7 scrolls of identify
 h - a scroll of magic mapping
 j - 8 scrolls of remove curse
 m - 4 scrolls of fog
 z - a scroll of amnesia
 E - 2 scrolls of immolation
Potions
 c - 2 potions of haste {unknown}
 f - 8 potions of lignification
 i - 9 potions of curing
 n - 4 potions of flight
 o - a potion of magic {unknown}
 p - 5 potions of mutation {unknown}
 u - a potion of heal wounds
 w - 3 potions of might {unknown}
 F - 8 potions of degeneration {unknown}
 G - 2 potions of brilliance {unknown}
 K - a potion of cancellation {unknown}
Comestibles
 b - 24 rations


   Skills:
 + Level 8.3(13.3) Fighting
 + Level 8.3(13.3) Dodging
 - Level 1.0(6.0) Stealth
 + Level 9.9(14.9) Unarmed Combat
 - Level 4.0 Invocations
 - Level 4.0 Evocations


You had 10 spell levels left.
You didn't know any spells.
Your spell library contained the following spells:

 Spells                   Type           Power        Failure   Level  Hunger
 Magic Dart               Conj           #...         45%         1    ##.....
 Apportation              Tloc           #.....       45%         1    ##.....
 Conjure Flame            Conj/Fire      #.......     83%         3    ####...
 Slow                     Hex            #.......     58%         2    ###....
 Confuse                  Hex            #.......     83%         3    ####...
 Mephitic Cloud           Conj/Pois/Air  #.......     83%         3    ####...
 Summon Small Mammal      Summ           #...         45%         1    ##.....
 Blink                    Tloc           N/A          58%         2    ###....
 Animate Skeleton         Necr           N/A          45%         1    ##.....
 Call Imp                 Summ           #.......     58%         2    ###....
 Tukima's Dance           Hex            #.......     83%         3    ####...
 Confusing Touch          Hex            #.....       45%         1    ##.....
 Ensorcelled Hibernation  Hex/Ice        #.....       58%         2    ###....
 Metabolic Englaciation   Hex/Ice        #.........   100%        5    ######.
 Corona                   Hex            #......      45%         1    ##.....
 Petrify                  Tmut/Erth      #.......     99%         4    #####..
 Dazzling Spray           Conj/Hex       #.....       83%         3    ####...
 Gell's Gravitas          Tloc           #.........   83%         3    ####...
 Yara's Violent Unravell  Hex/Tmut       #.........   100%        5    ######.


Dungeon Overview and Level Annotations

Branches:
Dungeon (10/15)            Temple (1/1) D:4            Lair (0/6) D:8
    Orc: D:9-12

Altars:
Ashenzari
Cheibriados
Dithmenos
Elyvilon
Fedhas
Gozag
Hepliaklqana
Kikubaaqudgha
Makhleb
Nemelex Xobeh
Okawaru
Qazlal
Sif Muna
Uskayaw
Vehumet
Wu Jian
Xom
Yredelemnul
Zin
The Shining One
Beogh

Shops:
D:7 !   D:10 %


Innate Abilities, Weirdness & Mutations

You are too large for most types of armour.
You have claws for hands.
Your metabolism is lightning-fast.
You like to eat raw meat.
Your natural rate of healing is unusually fast.
You are covered in fur. (AC +1)
You have very tough skin. (AC +2)


Message History

You are more poisoned.
The green very ugly thing poisons you!
You claw the green very ugly thing!
The green very ugly thing is severely wounded.
You feel extremely sick. The green very ugly thing gores you!
You gain the combat prowess of a mighty hero.
* * * LOW HITPOINT WARNING * * *
You feel extremely sick. The green very ugly thing misses you.
As you read the scroll of teleportation, it crumbles to dust.
You feel strangely unstable.
* * * LOW HITPOINT WARNING * * *
You feel extremely sick.
The green very ugly thing closely misses you.
* * * LOW HITPOINT WARNING * * *
You feel extremely sick.
You closely miss the green very ugly thing.
The green very ugly thing is severely wounded.
You die...

# #..# #≈≈..#
#....... ####.#####
#≈..≈## #.......
.........# #..≈≈#####
####.... #####.#.##
#..≈≈≈≈≈## ###'###
......#.#
#≈.....≈≈### #......
#####...#
##≈≈.....≈#.###......
#...#
#⌠≈≈......'..##......
## #...#
##≈≈......#....†.....
.# #...#
#≈.@.....#####......
.# #.#.## ##..u.≈≈≈##
#...... .# #.#..#
##..≈≈##### #......
.####.#..###≈..≈##
#......
.#....#..##≈p..##
###'###
.#....#..##≈.≈## ##
#.# .#....#..##.≈##
$# #.#
.#....#..##.≈## .!#
#.# .####.#..#8..8#
.?# #####'###


You could see a green very ugly thing and a wizard.

Vanquished Creatures
  2 two-headed ogres (D:8)
  The ghost of kaikaun the Basher, a novice MiBe of Trog (D:6)
  6 ugly things (D:10)
  A troll (D:10)
  A wyvern (D:10)
  A basilisk (D:10)
  A steam dragon (D:9)
  Menkaure (D:5)
  A water moccasin (D:8)
  4 ice beasts
  2 orc warriors (D:8)
  A phantom (D:6)
  2 sky beasts
  4 ogres
  3 centaurs
  2 big kobolds
  5 bullfrogs
  3 scorpions
  5 killer bees (D:10)
  4 howler monkeys
  4 electric eels (D:9)
  2 centaur zombies (Ossuary)
  6 crimson imps
  Crazy Yiuf (D:5)
  7 hounds
  4 jellies
  A bullfrog skeleton (D:4)
  6 orc priests
  A human zombie (Ossuary)
  Jessica (D:2)
  2 centaur skeletons
  2 iguanas
  Ijyb (D:5)
  9 orc wizards
  11 worker ants
  A hound skeleton (D:9)
  5 mummies (Ossuary)
  A worker ant zombie (D:5)
  6 adders
  12 gnolls
  3 white imps (D:6)
  7 oozes
  An adder zombie (D:9)
  5 adder skeletons
  3 worms
  A dart slug (D:4)
  4 leopard geckos
  50 orcs
  10 bats
  A gnoll zombie (Ossuary)
  6 hobgoblins
  3 jackals (D:3)
  12 kobolds
  8 quokkas
  A ball python (D:4)
  4 frilled lizards
  6 goblins
  2 goblin zombies (Ossuary)
  2 hobgoblin zombies (Ossuary)
  A jackal simulacrum (D:6)
  A leopard gecko zombie (D:5)
  5 rats
269 creatures vanquished.

Notes
Turn   | Place    | Note
-------+----------+-------------------------------------------
     0 | D:1      | GroovyGamera the Troll Monk began the quest for the Orb.
     0 | D:1      | Reached XP level 1. HP: 22/22 MP: 0/0
   340 | D:1      | Reached XP level 2. HP: 28/29 MP: 1/1
   767 | D:2      | Reached XP level 3. HP: 34/36 MP: 2/2
   920 | D:2      | Reached XP level 4. HP: 29/45 MP: 3/3
   987 | D:2      | Reached skill level 4 in Unarmed Combat
  1049 | D:2      | Found a deep blue altar of Sif Muna.
  1153 | D:2      | Noticed Jessica
  1162 | D:2      | Killed Jessica
  1162 | D:2      | Reached XP level 5. HP: 45/53 MP: 4/4
  1643 | D:3      | Found a blossoming altar of Fedhas.
  1851 | D:4      | Reached XP level 6. HP: 57/62 MP: 5/5
  1997 | D:4      | Reached skill level 5 in Unarmed Combat
  2099 | D:4      | Found a snail-covered altar of Cheibriados.
  2329 | D:4      | Reached XP level 7. HP: 70/70 MP: 6/6
  2362 | D:4      | Found a staircase to the Ecumenical Temple.
  2366 | Temple   | Entered the Ecumenical Temple
  2428 | Temple   | Became a worshipper of Warmaster Okawaru
  2428 | Temple   | Reached * piety under Okawaru
  2428 | Temple   | Reached ** piety under Okawaru
  2630 | D:5      | Entered Level 5 of the Dungeon
  2657 | D:4      | Reached skill level 1 in Invocations
  2797 | D:5      | Noticed Ijyb
  2801 | D:5      | Killed Ijyb
  2801 | D:5      | Reached skill level 1 in Evocations
  3118 | D:5      | Noticed Menkaure
  3123 | D:5      | Killed Menkaure
  3204 | D:5      | Reached XP level 8. HP: 60/79 MP: 8/8
  3366 | D:5      | Found a runed door.
  3370 | D:5      | Noticed Crazy Yiuf
  3376 | D:5      | Killed Crazy Yiuf
  3656 | D:6      | Reached *** piety under Okawaru
  3663 | D:6      | Reached skill level 5 in Dodging
  3666 | D:6      | Reached skill level 6 in Unarmed Combat
  3879 | D:6      | Reached skill level 5 in Fighting
  4080 | D:6      | Found an ornate altar of the Wu Jian Council.
  4089 | D:6      | Found a runed gate.
  4089 | D:6      | Found a runed gate.
  4089 | D:6      | Found a runed gate.
  4340 | D:6      | Noticed kaikaun's ghost (novice MiBe)
  4512 | D:6      | Found a shadowy altar of Dithmenos.
  4512 | D:6      | Found a faded altar of an unknown god.
  4517 | D:6      | Found a shattered altar of Ashenzari.
  4519 | D:6      | Found an ancient bone altar of Kikubaaqudgha.
  4521 | D:6      | Found a radiant altar of Vehumet.
  4660 | D:6      | Killed kaikaun's ghost
  4660 | D:6      | Reached XP level 9. HP: 56/89 MP: 8/10
  4663 | D:6      | Reached **** piety under Okawaru
  4667 | D:6      | Reached skill level 7 in Unarmed Combat
  4823 | D:7      | Found Rygac's Distillery.
  4862 | D:7      | Bought a potion of curing for 48 gold pieces
  4862 | D:7      | Bought a potion of heal wounds for 80 gold pieces
  4949 | D:8      | Found a sand-covered staircase.
  4954 | Ossuary  | Entered an ossuary
  5259 | D:8      | Noticed a two-headed ogre
  5267 | D:8      | Killed a two-headed ogre
  5303 | D:8      | Reached XP level 10. HP: 91/100 MP: 12/12
  5357 | D:8      | Reached ***** piety under Okawaru
  5499 | D:8      | Found a staircase to the Lair.
  5559 | D:8      | Noticed a two-headed ogre
  5568 | D:8      | HP: 5/100 [two-headed ogre/giant club (9)]
  5572 | D:8      | Killed a two-headed ogre
  5572 | D:8      | Reached skill level 8 in Unarmed Combat
  5763 | D:8      | Found a glowing golden altar of the Shining One.
  6086 | D:8      | Found a roughly hewn altar of Beogh.
  6906 | D:10     | Entered Level 10 of the Dungeon
  7011 | D:10     | Reached skill level 9 in Unarmed Combat
  7680 | D:10     | Noticed a brown ugly thing
  7681 | D:10     | Noticed a white ugly thing
  7688 | D:10     | Killed a brown ugly thing
  7688 | D:10     | Received a gift from Okawaru
  7688 | D:10     | Reached XP level 11. HP: 111/111 MP: 10/13
  7691 | D:10     | Noticed a cyan ugly thing
  7691 | D:10     | Noticed a green ugly thing
  7692 | D:10     | Noticed a green ugly thing
  7694 | D:10     | Noticed a red ugly thing
  7699 | D:10     | Killed a white ugly thing
  7715 | D:10     | Killed a green ugly thing
  7821 | D:10     | Found Nuefaguff's Food Shoppe.
  7897 | D:10     | Killed a red ugly thing
  7905 | D:10     | Killed a red ugly thing
  7914 | D:10     | Killed a cyan ugly thing
  8015 | D:10     | Got a slimy robe {god gift}
  8035 | D:10     | Noticed a wizard
  8035 | D:10     | Paralysed by a wizard for 4 turns
  8036 | D:10     | Noticed a green very ugly thing
  8067 | D:10     | Succumbed to a green very ugly thing's poison

Vault maps used:
D:1:      minmay_arrival_arboretum_small
D:2:      nicolae_overflow_crystal_walls, uniq_jessica
D:3:      fedhas_altar_2, grunt_ministairs_2
D:4:      temple_statues, kennysheep_slug_shrine
D:5:      first_ration, uniq_menkaure, uniq_crazy_yiuf_cottage, uniq_ijyb
D:6:      lemuel_round_altar, chequers_temple_overflow_minitemple,
          gammafunk_ghost_icy
D:7:      kennysheep_windowed_halls, lemuel_round_altar, lemuel_doored_altar,
          serial_shops, nicolae_shop_crystal
D:8:      tso_metal_star, lair_entry_dummy, enter_ossuary_2, special_room,
          hangedman_little_slice_of_home, solitary_fountain
D:10:     cheibrodos_breeding_chamber, serial_shops, nicolae_shop_behind_doors
Temple:   nicolae_temple_x_marks_the_god
Ossuary:  ossuary_crypta

Skill      XL: |  1  2  3  4  5  6  7  8  9 10 11 |
---------------+----------------------------------+-----
Dodging        | 3 4 5 6 7 8 |  8.3
Fighting       | 3 4 5 6 7 8 |  8.3
Unarmed Combat | 4 5 6 7 9 |  9.9
Invocations    | 1 3 4 |  4.0
Evocations     | 1 3 4 |  4.0
Stealth        | |  1.0

Action                   |  1- 3 |  4- 6 |  7- 9 | 10-12 || total
-------------------------+-------+-------+-------+-------++-------
Melee: Unarmed           |    53 |   132 |   293 |   308 ||   786
       Punch             |       |     1 |    14 |    17 ||    32
Throw: Tomahawk          |       |       |     2 |       ||     2
Invok: Heroism           |       |       |     4 |     9 ||    13
       Finesse           |       |       |       |     3 ||     3
  Use: Scroll            |       |     7 |     4 |     7 ||    18
       Potion            |       |       |       |     3 ||     3
 Stab: Sleeping          |     2 |     2 |     5 |     1 ||    10
       Distracted        |       |     1 |     1 |       ||     2
  Eat: Chunk             |    13 |    14 |    27 |    19 ||    73
Armor: Robe              |    21 |    27 |    96 |    76 ||   220
Dodge: Dodged            |    25 |    56 |   158 |   166 ||   405
       Deflected         |       |     1 |       |       ||     1
Block: Other             |       |       |       |     7 ||     7

Table legend:
 A = Spawn XP
 B = Non-spawn XP
 C = Spawn XP percentage of total XP
 D = Spawn monster count
 E = Non-spawn monster count
 F = Spawn count percentage of total count
 G = Total turns spent on level
                    A         B        C        D         E        F      G
               +---------+---------+-------+---------+---------+-------+---------
         Total |       0 |   13946 |   0.0 |       0 |     269 |   0.0 |  8067
               +---------+---------+-------+---------+---------+-------+---------
           D:1 |       0 |      19 |   0.0 |       0 |       8 |   0.0 |   463
           D:2 |       0 |     194 |   0.0 |       0 |      28 |   0.0 |   890
           D:3 |       0 |      66 |   0.0 |       0 |      25 |   0.0 |   448
           D:4 |       0 |     730 |   0.0 |       0 |      27 |   0.0 |   858
           D:5 |       0 |     570 |   0.0 |       0 |      19 |   0.0 |   910
           D:6 |       0 |    2228 |   0.0 |       0 |      37 |   0.0 |  1183
           D:7 |       0 |     308 |   0.0 |       0 |       7 |   0.0 |   106
           D:8 |       0 |    3254 |   0.0 |       0 |      63 |   0.0 |  1055
           D:9 |       0 |     946 |   0.0 |       0 |      18 |   0.0 |   646
          D:10 |       0 |    5399 |   0.0 |       0 |      24 |   0.0 |  1161
       Ossuary |       0 |     232 |   0.0 |       0 |      13 |   0.0 |   280
               +---------+---------+-------+---------+---------+-------+---------
